 Dungeon Sprint DCSS version 0.18-a0-486-gab6c0bd (webtiles) character file.

0 shane the Insei (level 1, -9/19 HPs)
             Began as a Hill Orc Monk on Dec 2, 2015.
             Was a Believer of Beogh.
             Mangled by a wolf spider (11 damage)
             ... in the Dungeon (Sprint V: "Ziggurat Sprint").
             The game lasted 00:02:47 (100 turns).

shane the Insei (Hill Orc Monk)                      Turns: 100, Time: 00:02:47

Health: -9/19      AC: 25    Str: 13    XL:     1   Next: 0%
Magic:  1/1        EV: -1    Int: 10    God:    Beogh [**....]
Gold:   0          SH:  0    Dex: 13    Spells: 0 memorised, 0 levels left

rFire  + . .     SeeInvis .     y - +8 lance "Wyrmbane" {slay drac, +Rage rPois rF+ AC+5}
rCold  . . .     Clarity  .     i - +5 crystal plate armour
rNeg   . . .     SustAt   .     (no shield)
rPois  +         Gourm    .     (no helmet)
rElec  .         Spirit   .     (no cloak)
rCorr  .         Dismiss  .     (no gloves)
rMut   .         NoTele   +     (no boots)
MR     .....                    (no amulet)
Stlth  ..........               (no ring)
                                (no ring)

@: not resistant to hostile enchantments, extremely unstealthy
A: no striking features
a: Smiting, Renounce Religion, Evoke Berserk Rage


You were in the Dungeon.
You worshipped Beogh.
Beogh was pleased with you.
You were not hungry.

You visited 1 branch

Inventory:

Hand Weapons
 y - the +8 lance "Wyrmbane" (weapon) {slay drac, +Rage rPois rF+ AC+5}
   (You found it in the Dungeon)

   It affects your AC (+5).
   It protects you from fire.
   It protects you from poison.
   It lets you go berserk.
Armour
 a - a +0 robe
 i - a +5 crystal plate armour (worn)
Jewellery
 z - a +6 ring of dexterity
 A - a +6 ring of dexterity
 B - a +6 ring of intelligence
 C - a +6 ring of intelligence
 D - a +6 ring of strength
 E - a +6 ring of strength
Wands
 F - a wand of disintegration (7)
 G - a wand of fire (5)
 H - a wand of cold (5)
 I - a wand of draining (5)
Scrolls
 h - 4 scrolls of blinking
 j - 4 scrolls of amnesia
 k - 3 scrolls of recharging
 l - 7 scrolls of fog
 m - a scroll of holy word
 n - 5 scrolls of identify
 o - 5 scrolls of remove curse
 p - 2 scrolls of fear
Potions
 c - 10 potions of curing
 d - 10 potions of heal wounds
 e - 6 potions of haste
 f - 7 potions of magic
 g - 3 potions of berserk rage
 q - 2 potions of brilliance
 r - 2 potions of invisibility
 s - 4 potions of resistance
 t - a potion of experience
 u - 5 potions of agility
 v - 5 potions of might
Comestibles
 b - 5 bread rations
 w - 42 fruits
 x - 4 meat rations


   Skills:
 + Level 3.6 Fighting
 + Level 2.4 Dodging
 + Level 1.5 Stealth
 + Level 4.3 Unarmed Combat


You couldn't memorise any spells.
You didn't know any spells.

Dungeon Overview and Level Annotations

Branches:
Dungeon (1/1)

Altars:
Ashenzari
Cheibriados
Dithmenos
Elyvilon
Fedhas
Gozag
Kikubaaqudgha
Makhleb
Nemelex Xobeh
Okawaru
Qazlal
Ru
Sif Muna
Trog
Vehumet
Xom
Yredelemnul
Zin
The Shining One
Beogh
Jiyva
Lugonu


Message History

The wolf spider hisses angrily.
Found two items.
You hit the wolf spider.
The wolf spider is lightly wounded.
The wolf spider hits you but does no damage.
The wolf spider bites you but does no damage.
The wolf spider hits you but does no damage.
The wolf spider bites you but does no damage.
You hit the wolf spider but do no damage.
The wolf spider is lightly wounded.
The wolf spider hits you!
The wolf spider bites you but does no damage.
The wolf spider hits you!
* * * LOW HITPOINT WARNING * * *
The wolf spider bites you but does no damage.
The wolf spider hits you but does no damage.
The wolf spider bites you but does no damage.
The wolf spider hits you!
Ouch! That really hurt!
You die...

▓▓▓▓▓▓▓
▓.8©8.▓
▓.....▓
▓.).[.▓
▓.....▓
▓.ss..▓
▓..@..▓
▓▓▓▓▓▓▓


You could see 2 wolf spiders.

Vanquished Creatures (others)
  A spatial maelstrom (D)
1 creature vanquished.

Notes
Turn   | Place    | Note
--------------------------------------------------------------
     0 | D        | shane the Hill Orc Monk began the quest for the Orb.
     0 | D        | Reached XP level 1. HP: 19/19 MP: 1/1
     0 | D        | Found a roughly hewn altar of Beogh.
     0 | D        | Found a viscous altar of Jiyva.
     0 | D        | Found a corrupted altar of Lugonu.
     0 | D        | Found a white marble altar of Elyvilon.
     0 | D        | Found a sparkling altar of Nemelex Xobeh.
     8 | D        | Became a worshipper of Beogh the Brigand
     8 | D        | Reached * piety under Beogh
     8 | D        | Reached ** piety under Beogh
    26 | D        | Found an iron altar of Okawaru.
    26 | D        | Found a radiant altar of Vehumet.
    26 | D        | Found a shimmering altar of Xom.
    26 | D        | Found a burning altar of Makhleb.
    27 | D        | Found a deep blue altar of Sif Muna.
    27 | D        | Banished a spatial maelstrom
    30 | D        | Found a bloodstained altar of Trog.
    98 | D        | Entered arena 1.
    98 | D        | Noticed a wolf spider
    98 | D        | Noticed a wolf spider
   100 | D        | Mangled by a wolf spider

Vault maps used:
D:        sprint_v

Action                   || total
-------------------------++-------
Melee: Lance             ||     2
